[Event "44th Chess Olympiad Women 2022"]
[Site "Chennai"]
[Date "2022.08.08"]
[Round "10.20"]
[White "Steffensen, Elena"]
[Black "Markantonaki, Haritomeni"]
[Result "0-1"]
[WhiteElo "2044"]
[BlackElo "2154"]
[Annotator "NA RC"]
[PlyCount "88"]
[EventDate "2022.??.??"]
[TimeControl "60"]

1. e4 c5 2. Nc3 Nc6 3. g3 g6 4. Bg2 Bg7 5. d3 d6 6. Bg5 Rb8 7. Nge2 b5 8. Qd2 b4 9. Nd1 h6 10. Be3 Nd4 11. c3 bxc3 12. bxc3 Nxe2 13. Qxe2 Qa5 14. O-O Ba6 15. Rc1 Nf6 16. f4 O-O 17. e5 Nd7 18.
e6 fxe6 19. Bh3 Rf5 20. Bd2 Nf8 21. Bxf5 gxf5 22. g4 Qxa2 23. gxf5 exf5 24. Rf3 Bb7 25. Rg3 Qd5 26. Nf2 Qf7 27. Re1 Re8 28. Nd1 Kh7 29. Kf2 e5 30. d4 cxd4 31. cxd4 exf4 32. Qxe8 fxg3+ 33. hxg3 Qd5 34. Rg1 Bxd4+ 35. Be3 Bg7 36. Qh5 Ng6 37. Nc3 Qd3 38. Nd1 Ne5 39. Qe2 Ng4+ 40. Ke1 Qb1 41. Qd2 Ne5 42. Kf2 Qe4 43. Nc3 Ng4+ 44. Ke2 Ba6+ 0-1

[Event "44th Chess Olympiad Women 2022"]
[Site "Chennai"]
[Date "2022.08.08"]
[Round "10.21"]
[White "Berzina, Ilze"]
[Black "Hakimifard, Ghazal"]
[Result "0-1"]
[WhiteElo "2141"]
[BlackElo "2296"]
[Annotator "NA RC"]
[PlyCount "64"]
[EventDate "2022.??.??"]
[TimeControl "60"]

1. e4 c5 2. Nf3 e6 3. g3 a6 4. Bg2 b5 5. O-O Bb7 6. Re1 Nf6 7. e5 Nd5 8. d3 Be7 9. c4 Nb6 10. Nc3 bxc4 11. dxc4 Nxc4 12. Qa4 Nb6 13. Qg4 Kf8 14. Qh5 Qe8 15. g4 Nc6 16. Ne4 Nd5 17. Bg5 Nd4 18. Nxd4 cxd4 19. Rad1 Bxg5 20. Qxg5 Qe7 21. Qd2 h5 22. g5 h4 23. Qxd4 h3 24. Bf3 Rh4 25. Qc5 Rf4 26. Rd3 Nb4 27. Qxe7+ Kxe7 28. Rb3 Nc2 29. Rc1 Nd4 30. Rxb7 Nxf3+ 31. Kf1 Rxe4 32. Rd1 Nxh2+ 0-1

[Event "44th Chess Olympiad Women 2022"]
[Site "Chennai"]
[Date "2022.08.08"]
[Round "10.21"]
[White "Georgescu, Lena"]
[Black "Rogule, Laura"]
[Result "0-1"]
[WhiteElo "2279"]
[BlackElo "2292"]
[Annotator "RC"]
[PlyCount "116"]
[EventDate "2022.??.??"]
[TimeControl "60"]

1. e4 c5 2. Nf3 Nc6 3. Bb5 g6 4. O-O Bg7 5. c3 Nf6 6. Re1 O-O 7. d4 d5 8. e5 Ne4 9. Bxc6 bxc6 10. Be3 Qb6 11. Qc1 c4 12. Nbd2 Nxd2 13.
Nxd2 Bf5 14. b3 Bd3 15. Qd1 Qa5 16. Rc1 Qxa2 17. bxc4 dxc4 18. h4 a5 19. h5 a4 20. h6 Bh8 21. Ra1 Qb2 22. Rxa4 Qxc3 23. Qa1 Qxa1 24. Rexa1 Rxa4 25. Rxa4 c3 26. Nf3 f6 27. Ra3 Be4 28. exf6 exf6 29. Rxc3 g5 30. Ne1 Kf7 31. Nd3 Rb8 32. f3 Bd5 33. Nf2 f5 34. Nd3 f4 35. Bf2 Rb1+ 36. Kh2 Kg6 37. Ne5+ Bxe5 38. dxe5 Rb2 39. Kg1 Re2 40. Rc1 Kxh6 41. Re1 Rxe1+ 42. Bxe1 Kg6 43. Bb4 Kf5 44. Bd6 h5 45. Kf2 Be6 46. Ke2 Bc8 47. Kf2 Ke6 48. Ke2 Kd5 49. Be7 g4 50. Bd6 Be6 51. Kf2 Kd4 52. g3 fxg3+ 53. Kxg3 gxf3 54. Kxf3 h4 55. Kf4 c5 56. Kg5 h3 57. Kf6 Kd5 58. Bxc5 h2 0-1

[Event "44th Chess Olympiad Women 2022"]
[Site "Chennai"]
[Date "2022.08.08"]
[Round "10.21"]
[White "Heinatz, Gundula"]
[Black "Ter-Avetisjana, Agnesa Stepania"]
[Result "0-1"]
[WhiteElo "2196"]
[BlackElo "1962"]
[Annotator "RC"]
[PlyCount "116"]
[EventDate "2022.??.??"]
[TimeControl "60"]

1. d4 d5 2. Bf4 Nf6 3. Nd2 e6 4. Ngf3 Bd6 5. Bg5 c5 6. e4 Be7 7. Bxf6 Bxf6 8. c3 cxd4 9. e5 dxc3 10. bxc3 Be7 11. Bd3 Nc6 12. O-O O-O 13. Re1 Bd7 14. Rb1 Qc7 15. Nb3 a6 16. Qc2 g6 17. h4 Rac8 18.
Qd2 Nd8 19. Rbc1 f5 20. exf6 Bxf6 21. c4 Bc6 22. cxd5 exd5 23. h5 Qg7 24. hxg6 hxg6 25. Bb1 Nf7 26. Nbd4 Ne5 27. Re2 Nxf3+ 28. Nxf3 Rce8 29. Rd1 g5 30. Rxe8 Rxe8 31. Qb4 g4 32. Nh2 g3 33. fxg3 Qxg3 34. Qg4+ Qxg4 35. Nxg4 Bg5 36. Bd3 Kg7 37. Rf1 Bd7 38. Bf5 Bb5 39. Rd1 Bc4 40. a3 b5 41. g3 Rf8 42. Be6 Be7 43.
Kg2 Bxa3 44. Ne3 Be2 45. Ra1 Bf3+ 46. Kh2 Rh8+ 47. Bh3 b4 48. Rf1 Be4 49. Nf5+ Kf6 50. Nd6+ Ke7 51. Nc8+ Kd8 52. Nb6 Kc7 53. Na4 Kc6 54. Rf6+ Kb5 55. Nb6 Bb2 56. Rd6 Be5 57. Re6 Bd4 58. Nd7 Rxh3+ 0-1

[Event "44th Chess Olympiad Women 2022"]
[Site "Chennai"]
[Date "2022.08.08"]
[Round "10.21"]
[White "Maklakova, Nellija"]
[Black "Stoeri, Laura"]
[Result "1/2-1/2"]
[WhiteElo "1819"]
[BlackElo "2084"]
[Annotator "NA RC"]
[PlyCount "78"]
[EventDate "2022.??.??"]
[TimeControl "60"]

1. d4 Nf6 2. Nf3 e6 3. e3 b6 4. Be2 Bb7 5. c4 d5 6. O-O Bd6 7. cxd5 exd5 8. Nc3 O-O 9. Nb5 Be7 10. Ne5 a6 11. Nc3 Nbd7 12. f4 b5 13.
Bf3 Rc8 14. g4 Ne4 15. Bd2 c5 16. Ne2 cxd4 17. exd4 Nxe5 18. fxe5 f6 19. Bf4 fxe5 20. Bxe5 Bg5 21. Bxe4 dxe4 22. Qb3+ Bd5 23. Rxf8+ Kxf8 24. Rf1+ Kg8 25. Qa3 Qd7 26. Rf5 h6 27. Nf4 Rc1+ 28. Kf2 e3+ 29. Kxe3 Re1+ 30. Kd2 Re4 31. Qf8+ Kh7 32. Rxg5 hxg5 33. Nxd5 Rxe5 34. dxe5 Qxd5+ 35. Kc2 Qe4+ 36. Kd2 Qd4+ 37. Kc2 Qc4+ 38. Kd2 Qd4+ 39. Kc2 Qc4+ 1/2-1/2

[Event "44th Chess Olympiad Women 2022"]
[Site "Chennai"]
[Date "2022.08.08"]
[Round "10.22"]
[White "Ayzenberg, Alena"]
[Black "Sinitsina, Anastassia"]
[Result "0-1"]
[WhiteElo "2023"]
[BlackElo "2175"]
[Annotator "NA RC"]
[PlyCount "88"]
[EventDate "2022.??.??"]
[TimeControl "60"]

1. d4 Nf6 2. c4 g6 3. Nc3 Bg7 4. e4 d6 5. Nf3 O-O 6. Be2 e5 7. Be3 exd4 8.
Nxd4 Re8 9. f3 c6 10. Bf2 d5 11. exd5 cxd5 12. O-O Nc6 13. c5 Nh5 14. Qd2 Be5 15. g3 Ng7 16. f4 Bxd4 17. Bxd4 Nxd4 18. Qxd4 Nf5 19. Qf2 Ne3 20. Bf3 Nxf1 21. Rxf1 Be6 22. f5 gxf5 23. Rd1 Qg5 24. Nb5 Re7 25. Qd4 b6 26. b4 bxc5 27. bxc5 Rb8 28. Nd6 Rc7 29. Re1 Qg7 30. Qf4 Qc3 31. Rc1 Qb2 32. Qe3 Rc6 33. Rf1 Qg7 34. Qf4 Rf8 35. Rc1 h6 36. h4 Kh8 37. Kh2 Rg8 38. Rc2 Ra6 39. c6 Ra4 40.
Nxf7+ Bxf7 41. Qd6 Rc4 42. Rg2 Rc8 43. Qd7 R4xc6 44. Qxf5 Qf6 0-1

[Event "44th Chess Olympiad Women 2022"]
[Site "Chennai"]
[Date "2022.08.08"]
[Round "10.22"]
[White "Blokhin, Sofia"]
[Black "Rodsmoen, Maud"]
[Result "1-0"]
[WhiteElo "1996"]
[BlackElo "1975"]
[Annotator "NA RC"]
[PlyCount "81"]
[EventDate "2022.??.??"]
[TimeControl "60"]

1. e4 c5 2. Nf3 e6 3. d4 cxd4 4. Nxd4 Nc6 5. Nc3 Qc7 6. Be3 a6 7. g4 Bb4 8. Nxc6 Qxc6 9. Qd4 Bxc3+ 10. bxc3 Ne7 11. c4 O-O 12. Bg2 b5 13.
c5 f6 14. Rd1 f5 15. Bg5 Ng6 16. gxf5 exf5 17. Qd5+ Qxd5 18. exd5 Bb7 19. c6 Rae8+ 20. Kf1 Bc8 21. d6 h6 22. Bd5+ Kh7 23. Bc1 Ne5 24. c7 Nf7 25. Ba3 a5 26. Bc5 Re5 27. Rg1 g6 28. f4 Rxd5 29. Rxd5 Re8 30. Kf2 Bb7 31. Rd4 Kg7 32. Re1 Kf8 33. Rxe8+ Kxe8 34. Rd1 g5 35. Rb1 b4 36. a3 gxf4 37. axb4 Ng5 38. bxa5 Ne4+ 39. Kg1 Bc8 40. Rb8 Nxc5 41. Rxc8+ 1-0

[Event "44th Chess Olympiad Women 2022"]
[Site "Chennai"]
[Date "2022.08.08"]
[Round "10.22"]
[White "Machlik, Edit"]
[Black "Narva, Mai"]
[Result "0-1"]
[WhiteElo "2084"]
[BlackElo "2385"]
[Annotator "RC"]
[PlyCount "84"]
[EventDate "2022.??.??"]
[TimeControl "60"]

1. d4 Nf6 2. c4 e6 3. Nc3 d5 4. cxd5 exd5 5. Bg5 c6 6. e3 h6 7. Bh4 Be7 8. Qc2 O-O 9. Bd3 Re8 10. Nf3 Ne4 11. Bxe7 Qxe7 12. O-O Bf5 13. Bxe4 dxe4 14. Nd2 Bg6 15. Rab1 a5 16. a3 b5 17. a4 b4 18. Ne2 Nd7 19. Nf4 c5 20. Nxg6 fxg6 21. Rfe1 Rac8 22. Rbc1 Kh7 23. Qc4 cxd4 24. Qxc8 Rxc8 25. Rxc8 Nb6 26. Rc6 Nxa4 27. exd4 Qd7 28. Rc2 Qxd4 29. b3 Qd3 30. Ra2 Nc3 31. Rb2 Ne2+ 32. Kf1 Nd4+ 33. Kg1 Qc3 34. Reb1 Ne2+ 35. Kf1 Nf4 36. Kg1 e3 37. fxe3 Qxe3+ 38. Kh1 Nd3 39. Nc4 Qe4 40. Nd2 Qe2 41. Ra2 Nf2+ 42. Kg1 Ne4 0-1

[Event "44th Chess Olympiad Women 2022"]
[Site "Chennai"]
[Date "2022.08.08"]
[Round "10.22"]
[White "Olde, Margareth"]
[Black "Stanford, Sheila Barth"]
[Result "1/2-1/2"]
[WhiteElo "2235"]
[BlackElo "2097"]
[Annotator "NA RC"]
[PlyCount "76"]
[EventDate "2022.??.??"]
[TimeControl "60"]

1. d4 Nf6 2. Nf3 e6 3. g3 b5 4. a4 b4 5. Bg2 Bb7 6. c4 bxc3 7. Nxc3 Be7 8. O-O O-O 9. Bf4 Na6 10. Re1 d5 11. Ne5 c5 12. dxc5 Bxc5 13.
Nb5 Nb4 14. Nd3 Nxd3 15. exd3 a6 16. d4 Bb4 17. Nc3 a5 18.
Re3 Ne8 19. h4 Bd6 20. Be5 Bxe5 21. dxe5 d4 22. Rd3 Bxg2 23. Kxg2 Qb8 24. Rxd4 Qxe5 25. Qd2 Nf6 26. Rb1 Qc7 27. Qe2 h6 28. Qf3 Rab8 29. b4 e5 30. Nd5 Nxd5 31. Rxd5 axb4 32. Qe4 Qc6 33. Rxe5 Qxa4 34. Re7 Qa3 35. Rb7 b3 36. Qf3 Rxb7 37. Qxb7 h5 38. Rxb3 Qa8 1/2-1/2

[Event "44th Chess Olympiad Women 2022"]
[Site "Chennai"]
[Date "2022.08.08"]
[Round "10.23"]
[White "Argote Heredia, Valentina"]
[Black "Phan, Nguyen Mai Chi"]
[Result "1-0"]
[WhiteElo "2205"]
[BlackElo "2139"]
[Annotator "RC"]
[PlyCount "101"]
[EventDate "2022.??.??"]
[TimeControl "60"]

1. e4 c5 2. Nf3 d6 3. d4 cxd4 4. Nxd4 Nf6 5. Nc3 a6 6. f3 e5 7. Nb3 Be7 8. Be3 Be6 9. Qd2 Nbd7 10. g4 b5 11. a4 b4 12. Nd5 Bxd5 13.
exd5 O-O 14. O-O-O Nb6 15. Bxb6 Qxb6 16. h4 Rfc8 17. Kb1 Nd7 18. g5 Nc5 19. Nxc5 Rxc5 20. b3 a5 21. Bd3 Rf8 22. Bf5 Rc3 23. Qg2 Qe3 24. Bd3 Qf4 25. Qh3 Rc7 26. Bf5 g6 27. Be4 h5 28. Rhe1 Bd8 29. Bd3 Rc3 30. Qd7 Qxh4 31. Qxd6 Rxd3 32. cxd3 Bxg5 33. Qc6 Bf6 34. d6 Kg7 35. Qe4 Qf2 36. Rc1 Qb6 37. Rc6 Qf2 38. d7 Qh4 39. Qxh4 Bxh4 40. Rc8 Bf6 41. Rxe5 Rd8 42. Rxd8 Bxd8 43. Re8 Bf6 44. d8=Q Bxd8 45. Rxd8 g5 46. Kc1 h4 47. Kd2 h3 48. Re8 f5 49. d4 g4 50. fxg4 fxg4 51. Re4 1-0

[Event "44th Chess Olympiad Women 2022"]
[Site "Chennai"]
[Date "2022.08.08"]
[Round "10.23"]
[White "Castrillon Gomez, Melissa"]
[Black "Ryjanova, Julia"]
[Result "1/2-1/2"]
[WhiteElo "2230"]
[BlackElo "2284"]
[Annotator "NA RC"]
[PlyCount "64"]
[EventDate "2022.??.??"]
[TimeControl "60"]

1. d4 Nf6 2. c4 e6 3. g3 Bb4+ 4. Nd2 O-O 5. Bg2 d5 6. Ngf3 c5 7. O-O cxd4 8. cxd5 Qxd5 9. Nb3 d3 10. exd3 Nc6 11. Bg5 Be7 12. d4 Qd8 13. Ne5 Nb4 14. Nc5 Nbd5 15. Qb3 Qb6 16. Bxd5 exd5 17. Bxf6 Qxb3 18. axb3 gxf6 19. Ned7 Bxd7 20. Nxd7 Rfd8 21.
Nc5 b6 22. Nd3 Bd6 23. Ra6 Rdc8 24. Rfa1 Rc2 25. Rxb6 axb6 26.
Rxa8+ Kg7 27. Ra6 Rd2 28. Rxb6 Rxd3 29. Rxd6 Rxd4 30. Kf1 Rd2 31. b4 Rxb2 32. Rxd5 Rxb4 1/2-1/2

[Event "44th Chess Olympiad Women 2022"]
[Site "Chennai"]
[Date "2022.08.08"]
[Round "10.23"]
[White "Nguyen, Thu Giang"]
[Black "Rodriguez Rueda, Paula Andrea"]
[Result "1-0"]
[WhiteElo "2119"]
[BlackElo "2237"]
[Annotator "NA RC"]
[PlyCount "83"]
[EventDate "2022.??.??"]
[TimeControl "60"]

1. e4 c5 2. Nf3 e6 3. c3 d5 4. exd5 Qxd5 5. d4 cxd4 6. cxd4 Nf6 7. Nc3 Qd8 8. Bc4 Be7 9. O-O O-O 10. Ne5 Nc6 11. Nxc6 bxc6 12. Bf4 Qb6 13. Na4 Qa5 14. a3 Nd5 15. b4 Qd8 16. Be5 a5 17. Bxd5 cxd5 18.
b5 Bd6 19. Qe2 f6 20. Bxd6 Qxd6 21. f4 Re8 22. Nc5 a4 23. Rab1 Rb8 24. Rb4 e5 25. fxe5 fxe5 26. Qf2 Be6 27. dxe5 Qxe5 28. Re1 Qd6 29. Qd4 Bd7 30. Reb1 Bf5 31. Rf1 Qe5 32. Qxe5 Rxe5 33. g4 Bc8 34. b6 h5 35. b7 Bxg4 36. Na6 Rxb7 37. Rxb7 Be2 38. Rb8+ Kh7 39. Rff8 d4 40. Nb4 Re3 41. Nd5 Re4 42. Nf4 1-0

[Event "44th Chess Olympiad Women 2022"]
[Site "Chennai"]
[Date "2022.08.08"]
[Round "10.23"]
[White "Zhang, Jilin"]
[Black "Chirivi C, Jenny Astrid"]
[Result "1-0"]
[WhiteElo "2212"]
[BlackElo "2157"]
[Annotator "RC"]
[PlyCount "127"]
[EventDate "2022.??.??"]
[TimeControl "60"]

1. e4 c5 2. Nf3 e6 3. d4 cxd4 4. Nxd4 a6 5. Bd3 Qc7 6. O-O Nf6 7. Qe2 d6 8. c4 g6 9. Nc3 Bg7 10. Be3 O-O 11. Rac1 Nc6 12. h3 Nd7 13. Nb3 Nce5 14. Nd2 Nxd3 15. Qxd3 Ne5 16. Qe2 Bd7 17. b3 Rac8 18. Bd4 Qb8 19. f4 Nc6 20. Bxg7 Kxg7 21. Nf3 Ne7 22. Qd2 Rfd8 23. Qd4+ f6 24. e5 dxe5 25. fxe5 f5 26. Qh4 Ng8 27. Ne4 h6 28. Nd6 Qa7+ 29. Kh1 Rb8 30. Rcd1 b5 31. c5 Qc7 32. Nd4 Qxc5 33. Nb7 Rxb7 34. Qxd8 Qc7 35. Qxc7 Rxc7 36. Rc1 Rb7 37. Nc6 Kf8 38. Rfd1 Ke8 39. Nb4 Ra7 40. Rd6 a5 41. Na6 a4 42. Nb8 axb3 43. axb3 Ne7 44. Nxd7 Rxd7 45. Rxe6 Kf7 46. Rf6+ Kg7 47. Rd6 Rb7 48. Rcd1 g5 49. Rd7 Rxd7 50. Rxd7 Kf7 51. Rd6 h5 52. Rf6+ Kg7 53. Rb6 Kf7 54. h4 gxh4 55. Kh2 b4 56. Rxb4 Ke6 57. Rxh4 Kxe5 58. Rxh5 Nd5 59. Rh8 Kf4 60. b4 Nc3 61. Rc8 Nb5 62. Rc5 Nd6 63. b5 Ke4 64. b6 1-0

[Event "44th Chess Olympiad Women 2022"]
[Site "Chennai"]
[Date "2022.08.08"]
[Round "10.24"]
[White "Barbier, Astrid"]
[Black "Sanchez Tobar, Francisca Valenti"]
[Result "1/2-1/2"]
[WhiteElo "1879"]
[BlackElo "1839"]
[Annotator "NA RC"]
[PlyCount "63"]
[EventDate "2022.??.??"]
[TimeControl "60"]

1. e4 e5 2. Nf3 Nc6 3. Bb5 a6 4. Ba4 Nf6 5. d3 b5 6. Bb3 Bc5 7. c3 d6 8. O-O h6 9. a4 Rb8 10. h3 O-O 11. Re1 Bb6 12. Nbd2 Ne7 13.
Nf1 Ng6 14. Ng3 c5 15. d4 Qc7 16. Be3 Ba5 17. axb5 cxd4 18. Bd2 dxc3 19. Bxc3 Bxc3 20. bxc3 Rxb5 21. Re3 Nf4 22. Rc1 Be6 23. Bxe6 fxe6 24. c4 Rb4 25. Ra3 Rxc4 26. Rxc4 Qxc4 27. Qxd6 Nxe4 28. Qxa6 Qxa6 29. Rxa6 Nxg3 30. fxg3 Nxh3+ 31. Kh2 e4 32. Kxh3 1/2-1/2

[Event "44th Chess Olympiad Women 2022"]
[Site "Chennai"]
[Date "2022.08.08"]
[Round "10.24"]
[White "De Rycke, Tyani"]
[Black "Reyes Jara, Paula"]
[Result "1/2-1/2"]
[WhiteElo "1994"]
[BlackElo "1858"]
[Annotator "NA RC"]
[PlyCount "62"]
[EventDate "2022.??.??"]
[TimeControl "60"]

1. e4 e5 2. Nf3 Nc6 3. Bc4 Bc5 4. d3 Nf6 5. Be3 Bb6 6. Nc3 d6 7. a4 Bg4 8. h3 Be6 9. Nd5 Bxe3 10. fxe3 O-O 11. O-O Bxd5 12. Bxd5 Nxd5 13. exd5 Ne7 14. c4 a5 15. d4 exd4 16. Qxd4 Ng6 17. h4 Qe7 18. h5 Ne5 19. h6 g6 20. Nd2 Rae8 21. Rf4 f6 22. Raf1 Rf7 23. e4 Qf8 24. Rh4 Qe7 25. b3 b6 26. Qe3 Nd7 27. Nf3 Nc5 28.
Nd4 Qe5 29. Nf3 Qe7 30. Nd4 Qe5 31. Nf3 Qe7 1/2-1/2

[Event "44th Chess Olympiad Women 2022"]
[Site "Chennai"]
[Date "2022.08.08"]
[Round "10.24"]
[White "Gomez Barrera, Javiera Belen"]
[Black "Goossens, Hanne"]
[Result "1-0"]
[WhiteElo "2210"]
[BlackElo "2159"]
[Annotator "NA RC"]
[PlyCount "83"]
[EventDate "2022.??.??"]
[TimeControl "60"]

1. e4 e5 2. Nf3 Nf6 3. Nxe5 d6 4. Nf3 Nxe4 5. d4 d5 6. Bd3 Bd6 7. O-O O-O 8. c4 c6 9. Qb3 Na6 10. cxd5 cxd5 11. Nc3 Be6 12. a3 Nc7 13. Qc2 f5 14. Re1 Rc8 15. Qd1 Qf6 16. Bd2 Bf7 17. Ne5 Nxf2 18. Kxf2 Qh4+ 19. Kf1 Qxd4 20. Re3 Qf4+ 21. Nf3 Bh5 22. Re6 Qxf3+ 23. Qxf3 Bxf3 24. Rxd6 Be4 25. Bxe4 fxe4+ 26.
Ke2 Rfd8 27. Rxd8+ Rxd8 28. Bg5 Rd7 29. Rd1 h6 30. Be3 Kh7 31.
Nxe4 Re7 32. Nc3 Rd7 33. g3 Kg6 34. Bf4 d4 35. Bxc7 Re7+ 36.
Ne4 Rxe4+ 37. Kd3 Re3+ 38. Kxd4 Re2 39. b4 Rxh2 40. Bb8 Ra2 41.
Rd3 a6 42. Ke4 1-0

[Event "44th Chess Olympiad Women 2022"]
[Site "Chennai"]
[Date "2022.08.08"]
[Round "10.24"]
[White "Toro Pradenas, Maria Jose"]
[Black "Barbier, Wiebke"]
[Result "1-0"]
[WhiteElo "1945"]
[BlackElo "1970"]
[Annotator "NA RC"]
[PlyCount "61"]
[EventDate "2022.??.??"]
[TimeControl "60"]

1. e4 d6 2. d4 Nf6 3. Nc3 e5 4. Nf3 Nbd7 5. Bc4 Be7 6. a4 O-O 7. O-O c6 8. a5 h6 9. Re1 Re8 10. h3 exd4 11. Nxd4 Bf8 12. Bf4 Ne5 13. Bb3 Bd7 14. Bg3 Qc7 15. f4 Ng6 16. Qf3 c5 17. Ndb5 Bxb5 18.
Nxb5 Qc6 19. Nc3 b5 20. axb6 axb6 21. Ba4 Rxa4 22. Rxa4 b5 23. Raa1 b4 24. Nd5 Nd7 25. e5 dxe5 26. f5 e4 27. Rxe4 Nge5 28.
Rxe5 Rxe5 29. Ne7+ Rxe7 30. Qxc6 Nf6 31. Bd6 1-0

[Event "44th Chess Olympiad Women 2022"]
[Site "Chennai"]
[Date "2022.08.08"]
[Round "10.25"]
[White "Aydin, Gulenay"]
[Black "Ortiz Verdezoto, Anahi"]
[Result "1/2-1/2"]
[WhiteElo "2100"]
[BlackElo "2046"]
[Annotator "NA RC"]
[PlyCount "41"]
[EventDate "2022.??.??"]
[TimeControl "60"]

1. e4 e5 2. Nf3 Nc6 3. Nc3 Nf6 4. Bb5 Nd4 5. O-O Nxb5 6.
Nxb5 c6 7. Nc3 d6 8. d4 Qc7 9. Bg5 Be7 10. h3 O-O 11. a4 a5 12. Re1 Re8 13.
Qd3 h6 14. Bh4 Nh5 15. Bxe7 Nf4 16. Qd2 Qxe7 17. Ne2 Ng6 18. Ng3 Nf4 19. Ne2 Ng6 20. Ng3 Nf4 21. Ne2 1/2-1/2

[Event "44th Chess Olympiad Women 2022"]
[Site "Chennai"]
[Date "2022.08.08"]
[Round "10.25"]
[White "Heredia Serrano, Carla"]
[Black "Atalik, Ekaterina"]
[Result "0-1"]
[WhiteElo "2090"]
[BlackElo "2422"]
[Annotator "RC"]
[PlyCount "86"]
[EventDate "2022.??.??"]
[TimeControl "60"]

1. e4 e5 2. Nf3 Nc6 3. Bb5 a6 4. Bxc6 dxc6 5. Nc3 Qf6 6.
d4 exd4 7. Bg5 Qd6 8. Qxd4 Qxd4 9. Nxd4 Bd7 10. O-O-O f6 11. Bf4 O-O-O 12. Rd2 Bb4 13. Nde2 Ne7 14. f3 Rhe8 15. a3 Bc5 16. Rd3 Ng6 17. Be3 Bd6 18. Na4 Be6 19. Rhd1 Ne5 20. Rc3 Bc4 21. Ng3 Bb5 22. Rd4 Nd7 23. Rxd6 cxd6 24. Nb6+ Nxb6 25. Bxb6 Rd7 26. b3 c5 27. b4 g6 28. bxc5 dxc5 29. Rxc5+ Kb8 30. c4 Re6 31. Ba5 Ba4 32. Rd5 Rc6 33.
Bc3 Rxd5 34. exd5 Rxc4 35. Kd2 f5 36. Kd3 Bb5 37. Be5+ Kc8 38.
Ke3 Rc2 39. Nh1 Re2+ 40. Kf4 Rxg2 41. Ng3 Rxh2 42. Kg5 Kd7 43. Kf6 Rh3 0-1

[Event "44th Chess Olympiad Women 2022"]
[Site "Chennai"]
[Date "2022.08.08"]
[Round "10.25"]
[White "Kocyigit, Buse Naz"]
[Black "Miranda Vargas, Analia Karen"]
[Result "1/2-1/2"]
[WhiteElo "1991"]
[BlackElo "1723"]
[Annotator "NA RC"]
[PlyCount "105"]
[EventDate "2022.??.??"]
[TimeControl "60"]

1. d4 Nf6 2. Nf3 g6 3. Nc3 d5 4. Bf4 Bg7 5. Qd2 Ne4 6. Nxe4 dxe4 7. Ne5 O-O 8. O-O-O Qd5 9. b3 b5 10. f3 a5 11. fxe4 Qxe4 12. e3 Qb7 13.
h4 a4 14. h5 axb3 15. cxb3 Bf5 16. hxg6 fxg6 17. Kb2 Qa7 18. a4 Bxe5 19. Bxe5 bxa4 20. Bc4+ e6 21. Ra1 Nc6 22. Rxa4 Qb6 23. Rxa8 Rxa8 24. Ra1 Rxa1 25. Kxa1 Nb4 26. e4 Qa5+ 27. Kb2 Qa2+ 28. Kc3 Qxd2+ 29. Kxd2 Bxe4 30. Bxe6+ Kf8 31. Bxc7 Ke7 32. Bh3 Nd5 33. Be5 h5 34. g3 g5 35. Bf1 Ke6 36. Bd3 Kf5 37. Be2 h4 38. gxh4 gxh4 39. Bd3 h3 40.
Bh2 Nb4 41. Be2 Nd5 42. Bd1 Bb1 43. Bf3 Be4 44. Ke2 Nb4 45.
Kf2 Nc2 46. d5 Bxf3 47. Kxf3 Nd4+ 48. Ke3 Nxb3 49. Kd3 Nc5+ 50. Kd4 Nd7 51. Kd3 Nf6 52. d6 Ke6 53. Ke2 1/2-1/2

[Event "44th Chess Olympiad Women 2022"]
[Site "Chennai"]
[Date "2022.08.08"]
[Round "10.25"]
[White "Penafiel Mendoza, Josselyne"]
[Black "Onur, Cigdem"]
[Result "1-0"]
[WhiteElo "1804"]
[BlackElo "2000"]
[Annotator "NA RC"]
[PlyCount "65"]
[EventDate "2022.??.??"]
[TimeControl "60"]

1. d4 d5 2. c4 e6 3. Nc3 c6 4. cxd5 exd5 5. Qc2 Nf6 6. Bg5 Be7 7. e3 Nbd7 8. Nf3 h6 9. Bf4 Nb6 10. h3 Be6 11. Bd3 Bd6 12. Bxd6 Qxd6 13. Ne5 Nfd7 14. f4 Nxe5 15. fxe5 Qe7 16. O-O O-O 17. Ne2 Nc4 18. Rf3 Qb4 19. b3 Na3 20. Qc3 a5 21. Raf1 Qxc3 22. Nxc3 b5 23. Rg3 Rab8 24. e4 Rfc8 25. Rc1 c5 26. Nxd5 Bxd5 27. exd5 cxd4 28. Rxc8+ Rxc8 29. d6 Kf8 30. Rg4 f6 31. e6 Rc5 32. e7+ Kf7 33. Bg6+ 1-0

[Event "44th Chess Olympiad Women 2022"]
[Site "Chennai"]
[Date "2022.08.08"]
[Round "10.26"]
[White "Jannatul, Ferdous"]
[Black "Moaataz, Ayah"]
[Result "1-0"]
[WhiteElo "1815"]
[BlackElo "2119"]
[Annotator "NA RC"]
[PlyCount "119"]
[EventDate "2022.??.??"]
[TimeControl "60"]

1. e4 c6 2. d4 d5 3. Nc3 dxe4 4. Nxe4 Nd7 5. Nf3 Ngf6 6. Nxf6+ Nxf6 7. h3 Bf5 8. Bd3 Bxd3 9. Qxd3 e6 10. O-O Bd6 11. Bg5 h6 12. Bh4 g5 13. Bg3 g4 14. Ne5 h5 15. h4 Qe7 16. Ng6 fxg6 17. Bxd6 Qxd6 18. Qxg6+ Kd7 19. Qxf6 Raf8 20. Qe5 Rh7 21. f4 g3 22. Rf3 Rf5 23.
Qxd6+ Kxd6 24. c3 Rg7 25. Re1 Rg4 26. Re4 a5 27. Rfe3 Rfxf4 28. Rxe6+ Kc7 29. R6e5 b5 30. Rxh5 a4 31. a3 Kd6 32. Rh6+ Kd5 33.
h5 Re4 34. Rxe4 Rxe4 35. Kf1 Rf4+ 36. Kg1 Rf2 37. Rg6 Rf5 38. Rxg3 Rxh5 39. Rg6 c5 40. g4 Rh4 41. Rg5+ Kc4 42. Rxc5+ Kd3 43. g5 b4 44. axb4 Kc2 45. b5 Kxb2 46. b6 Rh8 47. c4 Kb3 48. Rc7 a3 49. c5 Kc4 50. Ra7 Kxd4 51. b7 Kxc5 52. Rxa3 Rb8 53. Rb3 Kd5 54. Kg2 Ke6 55. Kf3 Kf5 56. Rb5+ Kg6 57. Ke4 Kf7 58. Kf5 Ke7 59. g6 Kf8 60. Ke4 1-0

[Event "44th Chess Olympiad Women 2022"]
[Site "Chennai"]
[Date "2022.08.08"]
[Round "10.26"]
[White "Mona, Khaled"]
[Black "Noshin, Anjum"]
[Result "1-0"]
[WhiteElo "2127"]
[BlackElo "2027"]
[Annotator "NA RC"]
[PlyCount "87"]
[EventDate "2022.??.??"]
[TimeControl "60"]

1. d4 d5 2. Nf3 Nf6 3. e3 e6 4. Bd3 c5 5. c3 Nc6 6. O-O Bd6 7. Nbd2 O-O 8. Qe2 e5 9. dxc5 Bxc5 10. e4 d4 11. Nb3 Bb6 12. cxd4 exd4 13. e5 Re8 14. Bg5 Bg4 15. Bxf6 gxf6 16. Qe4 f5 17. Qf4 Bxf3 18. Qxf3 Nxe5 19. Qg3+ Ng6 20. Bxf5 Qf6 21. Bd3 Re5 22. Nd2 Qg5 23. Ne4 Qxg3 24. hxg3 Kg7 25. Rfd1 Rd5 26. f4 Ne7 27. Kf2 Nf5 28. Rh1 Ne3 29. Rh4 Rh8 30. g4 h5 31. g5 Nf5 32. Rh3 h4 33.
Nf6 Ne3 34. Nxd5 Nxd5 35. Rf3 Bc7 36. f5 Bg3+ 37. Kg1 Re8 38.
f6+ Kf8 39. Rc1 Nb4 40. g6 Nxd3 41. g7+ Kg8 42. Rxd3 Bf4 43.
Rc5 Bg3 44. Rd1 1-0

[Event "44th Chess Olympiad Women 2022"]
[Site "Chennai"]
[Date "2022.08.08"]
[Round "10.26"]
[White "Sultana, Sharmin Shirin"]
[Black "Wafa, Shrook"]
[Result "1/2-1/2"]
[WhiteElo "1995"]
[BlackElo "2141"]
[Annotator "NA RC"]
[PlyCount "158"]
[EventDate "2022.??.??"]
[TimeControl "60"]

1. d4 d5 2. Nf3 Nf6 3. e3 e6 4. Bd3 c5 5. O-O c4 6. Be2 Nc6 7. b3 cxb3 8. axb3 Bd6 9. Ba3 O-O 10. c4 Re8 11. Nc3 Bb8 12. Qc2 e5 13.
cxd5 Nxd5 14. Nxd5 Qxd5 15. e4 Qd8 16. d5 Ne7 17. Rfd1 Bd6 18.
Nd2 Ng6 19. Bxd6 Qxd6 20. Nc4 Qf6 21. g3 Bd7 22. Qd2 Rec8 23.
Rdc1 h6 24. Na5 Qb6 25. b4 Ne7 26. Qb2 f6 27. Qd2 Rxc1+ 28.
Rxc1 Rc8 29. Bc4 Kh7 30. Ra1 Rd8 31. Bb3 Bb5 32. Rc1 Nc8 33.
Kg2 Nd6 34. f3 Rd7 35. Rc3 Qa6 36. Qc1 Qb6 37. Bd1 Qd4 38. Nb3 Qxb4 39. Nd2 Qa5 40. Rc5 b6 41. Rc3 Qa6 42. f4 Qb7 43. Bf3 a5 44. Qb2 a4 45.
fxe5 fxe5 46. Bg4 Re7 47. Qb4 Qb8 48. Nf3 Be8 49. Be6 Rb7 50.
Nxe5 Bf7 51. Nd7 Rxd7 52. Bxd7 Bg6 53. Re3 b5 54. e5 Nc4 55. Re1 Nxe5 56. Qxb5 Qd6 57. Be6 a3 58. Ra1 Be4+ 59. Kh3 Nf3 60.
Qe8 Ng5+ 61. Kh4 Nf3+ 62. Kh3 Ng5+ 63. Kh4 Nxe6 64. Qxe6 Qd8+ 65. Kh3 Bxd5 66. Qf5+ Kh8 67. Rxa3 Qe7 68. Ra6 Bg8 69. Ra8 Qb7 70. Re8 Qb3 71. Qe4 Qf7 72. Kg2 Qa2+ 73. Kh3 Qf7 74. Kg2 Qa2+ 75. Kg1 Qa1+ 76. Kf2 Qa2+ 77. Kf3 Qf7+ 78. Kg2 Qa2+ 79. Kh3 Qf7 1/2-1/2